 Dungeon Crawl Stone Soup version 0.29-a0-542-g075992c915 (webtiles) character file.

Game seed: 13060446748645100384

1718 Bruhh the Cleaver (level 9, -9/64 HPs)
             Began as a Formicid Fighter on June 4, 2022.
             Was a Follower of Okawaru.
             Mangled by an orc knight
             ... wielding a +0 war axe
              (20 damage)
             ... in a bailey.
             The game lasted 00:07:18 (6105 turns).

Bruhh the Cleaver (Formicid Fighter)                Turns: 6105, Time: 00:07:18

Health: -9/64      AC:  8    Str: 25    XL:     9   Next: 24%
Magic:  0/9        EV: 17    Int:  8    God:    Okawaru [*.....]
Gold:   255        SH:  4    Dex: 10    Spells: 8/8 levels left

rFire   . . .      SeeInvis +   z - +4 hand axe
rCold   . . .      Faith    .   c - +0 buckler
rNeg    . . .      Spirit   +   b - +0 scale mail
rPois   .          Reflect  .   (helmet unavailable)
rElec   .          Harm     .   s - +0 cloak
rCorr   .          Rampage  .   (no gloves)
Will    .....                   (no boots)
Stlth   ..........              u - amulet of guardian spirit
HPRegen 0.20/turn               f - +4 ring of evasion
MPRegen 0.11/turn               o - +4 ring of evasion

@: mighty
A: permanent stasis, dig shafts and tunnels, antennae 3, four strong arms
a: Dig, Renounce Religion, Heroism


You were in a bailey.
You worshipped Okawaru.
Okawaru was aware of your devotion.
You visited 2 branches of the dungeon, and saw 8 of its levels.
You also visited: Bailey.

You collected 255 gold pieces.

Inventory:

Hand Weapons
 a - a +0 war axe
 t - a +3 quarterstaff of chaos
 z - a +4 hand axe (weapon)
Armour
 b - a +0 scale mail (worn)
 c - a +0 buckler (worn)
 s - a +0 cloak (worn)
Jewellery
 f - a +4 ring of evasion (left hand)
 o - a +4 ring of evasion (right hand)
 u - an amulet of guardian spirit (around neck)
 w - a ring of magical power
 x - a ring of ice
Wands
 l - a wand of flame (10)
 B - a wand of polymorph (10)
Scrolls
 g - a scroll of immolation
 i - a scroll of blinking
 m - 3 scrolls of teleportation
 n - 4 scrolls of noise
 p - 2 scrolls of fog
 y - 4 scrolls of identify
 A - a scroll of fear
 C - a scroll of poison
Potions
 d - a potion of might
 e - 2 potions of curing
 h - 2 potions of haste {unknown}
 j - a potion of ambrosia {unknown}
 k - a potion of invisibility {unknown}
 q - 2 potions of attraction {unknown}
 r - a potion of heal wounds {unknown}
 v - a potion of magic {unknown}


   Skills:
 - Level 3.2 Fighting
 + Level 11.4 Axes
 - Level 3.2 Armour
 - Level 4.0 Shields


You had 8 spell levels left.
You didn't know any spells.
Your spell library contained the following spells:

 Spells                   Type           Power      Damage    Failure   Level
 Sting                    Tmut/Pois      0%         1d3       77%         1
 Poisonous Vapours        Pois/Air       0%         N/A       88%         2
 Olgreb's Toxic Radiance  Pois           0%         N/A       100%        4
 Summon Small Mammal      Summ           Unusable   N/A       N/A         1
 Call Canine Familiar     Summ           Unusable   N/A       N/A         3
 Summon Guardian Golem    Hex/Summ       Unusable   N/A       N/A         3

Dungeon Overview and Level Annotations

Branches:
Dungeon (7/15)             Temple (1/1) D:6          Bailey (1/1)

Altars:
Ashenzari
Cheibriados
Dithmenos
Gozag
Hepliaklqana
Kikubaaqudgha
Makhleb
Okawaru
Ru
Trog
Uskayaw
Vehumet
Wu Jian
Yredelemnul
Zin
The Shining One

Annotations:
D:4 1 runed translucent door, Morbidden's ghost, novice MeFi


Innate Abilities, Weirdness & Mutations

You cannot be hasted, slowed, berserked, paralysed or teleported.
You can dig through walls and to a lower floor.
You have a pair of large antennae on your head. (SInv)
Your four strong arms can wield two-handed weapons with a shield.


Message History

The orc knight barely misses you.
You hit the orc knight.
The orc knight is lightly wounded.
The orc knight misses you.
You closely miss the orc knight.
The orc knight is lightly wounded.
The orc knight misses you.
You hit the orc knight.
The orc knight is lightly wounded.
You hit the orc knight but do no damage.
The orc knight is lightly wounded.
The orc knight hits you with a +0 war axe.
You hit the orc knight.
The orc knight is lightly wounded.
The orc knight hits you with a +0 war axe!
You hit the orc knight.
The orc knight is moderately wounded.
The orc knight hits you with a +0 war axe!
You closely miss the orc knight.
The orc knight is moderately wounded.
You slash the orc knight!
The orc knight is heavily wounded.
The orc knight hits you with a +0 war axe!
* * * LOW HITPOINT WARNING * * *
Okay, then.
You hit the orc knight but do no damage.
The orc knight is heavily wounded.
The orc knight closely misses you.
You slash the orc knight!
The orc knight is heavily wounded.
The orc knight misses you.
You slash the orc knight!
The orc knight is severely wounded.
You block the orc knight's attack.
You slash the orc knight!
The orc knight is almost dead.
You closely miss the orc knight.
The orc knight is almost dead.
The orc knight hits you with a +0 war axe!!
You die...

### ..#
###############o.#+#
#......)#.....@....#
#.8.8.8.).....#....#
###...##############.#
...)..# ≈≈ ...)..# ≈
''##### .....# {
.....# { .)⌠..#


You could see an orc knight.

Vanquished Creatures
  Sigmund (D:2)
  A water moccasin (D:6)
  2 ice beasts
  2 orc warriors
  2 sky beasts
  A bullfrog (D:6)
  2 necrophages (D:5)
  A scorpion (D:6)
  2 electric eels (Bailey)
  An orc priest (D:6)
  Crazy Yiuf (D:3)
  2 hounds
  5 iguanas
  4 orc wizards
  4 adders
  4 gnolls (D:5)
  2 white imps
  2 ufetubi
  2 dart slugs (D:1)
  23 orcs
  6 endoplasms
  3 giant cockroaches
  15 goblins
  12 hobgoblins
  7 kobolds
  5 quokkas
  7 ball pythons
  4 bats
  4 frilled lizards
  4 rats
131 creatures vanquished.

Notes
Turn   | Place    | Note
-------+----------+-------------------------------------------
     0 | D:1      | Bruhh the Formicid Fighter began the quest for the Orb.
     0 | D:1      | Reached XP level 1. HP: 18/18 MP: 1/1
   328 | D:1      | Reached XP level 2. HP: 24/24 MP: 2/2
   359 | D:1      | Reached skill level 3 in Axes
   468 | D:1      | Reached XP level 3. HP: 18/29 MP: 3/3
   991 | D:2      | Noticed Sigmund
  1016 | D:2      | Killed Sigmund
  1017 | D:2      | Reached skill level 5 in Axes
  1017 | D:2      | Reached XP level 4. HP: 20/35 MP: 4/4
  1017 | D:2      | Reached XP level 5. HP: 24/41 MP: 5/5
  1017 | D:2      | Reached XP level 6. HP: 27/47 MP: 6/6
  1265 | D:2      | Found a faded altar of an unknown god.
  2172 | D:3      | Reached skill level 6 in Axes
  2363 | D:3      | Found a runed translucent door.
  2364 | D:3      | Noticed Crazy Yiuf
  2371 | D:3      | Killed Crazy Yiuf
  2935 | D:4      | Reached XP level 7. HP: 47/52 MP: 5/7
  2990 | D:4      | Reached skill level 7 in Axes
  3082 | D:4      | Found a runed translucent door.
  3082 | D:4      | Noticed Morbidden's ghost (novice MeFi)
  3238 | D:5      | Entered Level 5 of the Dungeon
  3379 | D:5      | Found an ancient bone altar of Kikubaaqudgha.
  3525 | D:5      | Reached skill level 8 in Axes
  3762 | D:5      | Found a basalt altar of Yredelemnul.
  3799 | D:5      | Reached XP level 8. HP: 56/58 MP: 6/8
  4401 | D:6      | Reached skill level 9 in Axes
  4606 | D:6      | Found a staircase to the Ecumenical Temple.
  4619 | Temple   | Entered the Ecumenical Temple
  4901 | Temple   | Became a worshipper of Warmaster Okawaru
  5081 | D:6      | Reached skill level 10 in Axes
  5520 | D:6      | Reached XP level 9. HP: 44/64 MP: 7/9
  5680 | D:7      | Reached * piety under Okawaru
  5681 | D:7      | Reached skill level 11 in Axes
  5702 | D:7      | Found a flagged portal.
  5786 | Bailey   | Entered a bailey
  6090 | Bailey   | Noticed an orc knight
  6105 | Bailey   | Mangled by an orc knight

Illustrated notes

Levels and vault maps discovered:
D:1:      sevenhm_arrival_forest_fort_large_4, layout_rooms
D:2:      layout_loops_ring, chequers_ecumenical_altar_twisty, uniq_sigmund
D:3:      layout_basic, uniq_crazy_yiuf_cottage
D:4:      layout_loops_ring, ebering_ghost_inner_flame
D:5:      layout_loops_cross, marbit_many_paths,
          mainiacjoe_overflow_surrounded_room
D:6:      layout_cave_pods, minmay_temple_entry_proselytizer
D:7:      layout_rooms, grunt_temple_overflow_cloverleaf, enter_bailey_3,
          serial_co_window_serial, co_window_of_opportunity_a,
          co_window_corner_a, co_window_paths_b, co_window_paths_a,
          co_window_of_opportunity_a, co_window_corner_ca, co_window_broadway_b,
          co_window_broadway_b, co_window_broadway_c, co_window_2corner,
          co_window_of_opportunity_c, co_window_paths_e, co_window_paths_d,
          glass_columns_b, glass_columns_a
Temple:   minmay_temple_curvy_branch
Bailey:   bailey_axe_of_yendor_kennysheep, bailey

Skill      XL: |  1  2  3  4  5  6  7  8  9 |
---------------+----------------------------+-----
Axes           | 3 5 6 8 10 11 | 11.4
Fighting       | |  3.2
Armour         | |  3.2
Shields        | |  4.0

Action                   |  1- 3 |  4- 6 |  7- 9 || total
-------------------------+-------+-------+-------++-------
Melee: War axe           |    93 |    53 |    29 ||   175
       Quarterstaff      |       |    53 |   177 ||   230
       Hand axe          |       |       |    13 ||    13
 Abil: Dig               |       |       |     1 ||     1
Evoke: Wand              |       |       |     5 ||     5
  Use: Potion            |     1 |       |     2 ||     3
       Scroll            |       |     5 |     4 ||     9
 Stab: Petrified         |       |       |     5 ||     5
       Paralysed         |       |       |     3 ||     3
Armor: Scale mail        |    26 |    29 |    41 ||    96
Dodge: Dodged            |    63 |    72 |   201 ||   336
Block: Buckler           |    23 |    22 |    49 ||    94

Table legend: (Time is in decaauts)
 A = Elapsed time spent in this place.
 B = Non-inter-level travel time spent in this place.
 C = Inter-level travel time spent in this place.
 D = Time resting spent in this place.
 E = Time spent auto-exploring this place.
 F = Levels seen in this place.
 G = Mean time per level.
                   A        B        C        D        E       F      G
               +--------+--------+--------+--------+--------+-----+--------+
         Total |   6223 |   6056 |    167 |     53 |   4932 |   9 |  691.4 |
       Dungeon |   5618 |   5461 |    157 |     53 |   4413 |   7 |  802.6 |
        Temple |    290 |    280 |     10 |      0 |    277 |   1 |  290.0 |
        Bailey |    314 |    314 |      0 |      0 |    242 |   1 |  314.0 |
               +--------+--------+--------+--------+--------+-----+--------+

Top non-repeatable levels by time:
     D:6: 1180 daAuts
     D:1: 1001 daAuts
     D:5: 996 daAuts
     D:2: 929 daAuts
     D:4: 733 daAuts
     D:3: 641 daAuts
  Bailey: 314 daAuts
  Temple: 290 daAuts
     D:7: 135 daAuts
